 Dungeon Crawl Stone Soup version 0.29.0-4-gdea44cf6ec (webtiles) character file.

Game seed: 12086633231045593316

113 qw the Chopper (level 4, -2/26 HPs)
             Began as a Tengu Warper on Aug 28, 2022.
             Killed by divine providence
             ... invoked by an orc priest
              (15 damage)
             ... on level 3 of the Dungeon.
             The game lasted 00:00:14 (2498 turns).

qw the Chopper (Tengu Warper)                       Turns: 2498, Time: 00:00:14

Health: -2/26      AC:  9    Str: 13    XL:     4   Next: 96%
Magic:  8/8        EV:  4    Int: 13    God:
Gold:   92         SH:  8    Dex: 14    Spells: 7/7 levels left

rFire   . . .      SeeInvis .   Y - +2 hand axe
rCold   . . .      Faith    .   h - +0 kite shield
rNeg    . . .      Spirit   .   b - +0 chain mail
rPois   .          Reflect  .   i - +1 hat
rElec   .          Harm     .   (no cloak)
rCorr   .          Rampage  .   (no gloves)
Will    .....                   (boots unavailable)
Stlth   ..........              (no amulet)
HPRegen 0.08/turn               (no ring)
MPRegen 0.11/turn               (no ring)

@: no status effects
A: beak, talons 3
a: no special abilities


You were on level 3 of the Dungeon.
You visited 1 branch of the dungeon, and saw 3 of its levels.

You collected 92 gold pieces.


Innate Abilities, Weirdness & Mutations

You have a beak for a mouth.
You have claws for feet.


   Skills:
 - Level 2.0 Fighting
 - Level 4.4 Axes
 - Level 1.0 Throwing
 - Level 1.1 Armour
 - Level 2.1 Dodging
 + Level 2.5 Shields
 - Level 2.0 Spellcasting
 - Level 2.4 Translocations


You had 7 spell levels left.
You didn't know any spells.
Your spell library contained the following spells:

 Spells                   Type           Power      Damage    Failure   Level
 Blink                    Tloc           14%        N/A       100%        2
 Gell's Gravitas          Tloc           7%         N/A       100%        3
 Lesser Beckoning         Tloc           7%         N/A       100%        3
 Teleport Other           Tloc           7%         N/A       100%        3
 Manifold Assault         Tloc           7%         N/A       100%        5

Inventory:

Hand Weapons
 a - a +0 whip
 Y - a +2 hand axe (weapon)
Missiles
 j - 3 javelins (quivered)
Armour
 b - a +0 chain mail (worn)
 h - a +0 kite shield (worn)
 i - a +1 hat (worn)
Scrolls
 g - a scroll of identify
 k - a scroll of teleportation
Potions
 c - a potion of attraction {unknown}
 d - a potion of curing {unknown}
 e - a potion of heal wounds {unknown}
 f - a potion of flight {unknown}
 l - a potion of resistance {unknown}

Dungeon Overview and Level Annotations

Branches:
Dungeon (3/15)

Altars:
Kikubaaqudgha
Ru


Message History

The hobgoblin shouts!
You hit the orc wizard. You claw the orc wizard.
You peck the orc wizard, but do no damage.
The orc wizard is heavily wounded.
The orc wizard hits you but does no damage.
You hit the orc wizard.
The orc wizard is severely wounded.
The orc wizard hits you but does no damage.
You hit the orc wizard but do no damage.
The orc wizard is severely wounded.
You slash the orc wizard! You block the orc wizard's attack.
The orc priest begins to cast a cantrip, but forgets the words!
The orc wizard hits you but does no damage.
The orc wizard barely misses you.
The orc throws a stone.
You block the stone.
You hit the orc wizard.
You kill the orc wizard!
You closely miss the orc wizard.
The orc wizard hits you but does no damage.
Your Shields skill increases to level 2!
You closely miss the orc wizard. Your peck misses the orc wizard.
The orc wizard is heavily wounded.
You hit the orc but do no damage.
The orc wizard hits you with a +0 dagger.
You block the orc's attack.
The orc priest calls down the wrath of Beogh upon you.
Beogh smites you!
You barely miss the orc wizard.
The orc wizard is heavily wounded.
You hit the orc but do no damage.
The orc wizard hits you but does no damage.
The orc barely misses you. The orc hits you with a +0 mace.
You slash the orc wizard!
You kill the orc wizard!
You closely miss the orc. You hit the orc but do no damage.
The orc hits you but does no damage.
The orc priest invokes the aid of Beogh against you.
Beogh smites you!
Ouch! That really hurt!
You die...

.#.###.###...>.........
.#.# .# #............>
.#.# # #.............
.##. #.#####...##### .
# #.# #........ . ..#
#...##### .## ##...## #
#.(.#.## #..#@o..#
##.#o'### #..o#..
#.#.#(..# ....#.....
....(# #._.# ..(#.##
.... ..# .. #..


You could see an orc priest and 2 orcs.

Vanquished Creatures
  2 orc wizards (D:3)
  4 adders
  A worm (D:2)
  An orc (D:3)
  8 ball pythons
  5 endoplasms
  2 giant cockroaches
  5 goblins
  3 hobgoblins (D:2)
  7 kobolds
  A quokka (D:2)
  4 bats
  2 frilled lizards
  3 rats
48 creatures vanquished.

Notes
Turn   | Place    | Note
-------+----------+-------------------------------------------
     0 | D:1      | qw the Tengu Warper began the quest for the Orb.
     0 | D:1      | Reached XP level 1. HP: 12/12 MP: 4/4
     0 | D:1      | 0 ||| qw: Version: 0.1-a-89-g26bdef1
     0 | D:1      | 0 ||| qw: Game counter: 1350
     0 | D:1      | 0 ||| qw: Always use a shield: true
     0 | D:1      | 0 ||| qw: God list: Okawaru
     0 | D:1      | 0 ||| qw: Allow faded altars: false
     0 | D:1      | 0 ||| qw: Do Orc after D:15 true
     0 | D:1      | 0 ||| qw: Do second Lair branch before Depths: true
     0 | D:1      | 0 ||| qw: Lair rune preference: random
     0 | D:1      | 0 ||| qw: Plans: Normal
     0 | D:1      | 0 ||| PLANNING D:1-11
   285 | D:1      | Reached XP level 2. HP: 6/17 MP: 6/6
   286 | D:1      | Reached skill level 3 in Axes
   930 | D:1      | Found a faded altar of an unknown god.
   931 | D:1      | 931 ||| READING 2 scrolls labelled SUUNIU FEGUTHY.
   932 | D:1      | 932 ||| READING scroll labelled MALILL FYFA.
   933 | D:1      | 933 ||| READING scroll labelled TOGEJE UGINWE.
   936 | D:1      | 936 ||| DROPPING scroll of noise.
   937 | D:1      | 937 ||| DROPPING scroll of blinking.
   957 | D:2      | 957 ||| DROPPING +0 club.
   976 | D:2      | Reached XP level 3. HP: 17/21 MP: 7/7
  1276 | D:2      | Reached skill level 4 in Axes
  1276 | D:2      | 1276 ||| Stepping ~*~*~tactically~*~*~ (stealth).
  1469 | D:2      | Found an ancient bone altar of Kikubaaqudgha.
  1658 | D:2      | 1658 ||| FLEEEEING.
  1659 | D:2      | 1659 ||| FLEEEEING.
  1660 | D:2      | 1660 ||| FLEEEEING.
  1662 | D:2      | 1662 ||| FLEEEEING.
  1663 | D:2      | 1663 ||| FLEEEEING.
  1664 | D:2      | 1664 ||| FLEEEEING.
  1665 | D:2      | 1665 ||| FLEEEEING.
  1666 | D:2      | 1666 ||| FLEEEEING.
  1667 | D:2      | 1667 ||| FLEEEEING.
  1668 | D:2      | 1668 ||| FLEEEEING.
  1669 | D:2      | 1669 ||| FLEEEEING.
  1670 | D:2      | 1670 ||| FLEEEEING.
  1671 | D:2      | 1671 ||| FLEEEEING.
  1672 | D:2      | 1672 ||| FLEEEEING.
  1689 | D:2      | 1689 ||| FLEEEEING.
  1707 | D:2      | 1707 ||| FLEEEEING.
  1724 | D:2      | 1724 ||| FLEEEEING.
  1729 | D:2      | 1729 ||| STAIRDANCE
  1791 | D:1      | 1791 ||| UPGRADING to +0 kite shield.
  1796 | D:1      | 1796 ||| READING scroll labelled RUEDYAKI ZEIT.
  1812 | D:2      | 1812 ||| STAIRDANCE
  1972 | D:2      | Reached XP level 4. HP: 26/26 MP: 8/8
  2013 | D:2      | Reached skill level 1 in Shields
  2032 | D:2      | 2032 ||| Stepping ~*~*~tactically~*~*~ (stealth).
  2046 | D:2      | 2046 ||| Stepping ~*~*~tactically~*~*~ (stealth).
  2056 | D:2      | 2056 ||| READING scroll of enchant weapon.
  2056 | D:2      | 2056 ||| ENCHANTING +1 hand axe.
  2168 | D:2      | 2168 ||| UPGRADING to +0 ring mail.
  2178 | D:2      | 2178 ||| DROPPING +0 leather armour.
  2179 | D:2      | 2179 ||| READING scroll labelled GUQIPP MEYTWOE.
  2321 | D:3      | 2321 ||| UPGRADING to +0 chain mail.
  2331 | D:3      | 2331 ||| UPGRADING to +1 hat.
  2336 | D:3      | 2336 ||| DROPPING +0 ring mail.
  2453 | D:3      | 2453 ||| Stepping ~*~*~tactically~*~*~ (stealth).
  2485 | D:3      | Found a sacrificial altar of Ru.
  2498 | D:3      | Killed from afar by an orc priest

Levels and vault maps discovered:
D:1:      pf_arrival_petrified_forest, layout_basic,
          shapermc_ecumenical_altar_mp_urbaneastern
D:2:      layout_basic, basic_altar, serial_park_tiny_1,
          minmay_randomly_rotated_circles
D:3:      minmay_evil_eye, layout_loops_cross,
          nicolae_ru_great_annihilating_truth, ebering_ghost_inner_flame

Skill      XL: |  1  2  3  4 |
---------------+-------------+-----
Axes           | 3 4 |  4.4
Shields        | 2 |  2.5
Fighting       | |  2.0
Throwing       | |  1.0
Armour         | |  1.1
Dodging        | |  2.1
Spellcasting   | |  2.0
Translocations | |  2.4

Action                   |  1- 3 |  4- 6 || total
-------------------------+-------+-------++-------
Melee: Hand axe          |    56 |    36 ||    92
       Peck              |     7 |     1 ||     8
       Kick              |     8 |     6 ||    14
Throw: Boomerang         |     7 |       ||     7
       Javelin           |    18 |     8 ||    26
  Use: Scroll            |     4 |     2 ||     6
Armor: Leather armour    |    11 |     2 ||    13
       Chain mail        |       |     9 ||     9
       Ring mail         |       |     1 ||     1
Dodge: Dodged            |    17 |    15 ||    32
Block: Kite shield       |       |    19 ||    19

Table legend:
 A = Non-vault XP
 B = Vault XP
 C = Vault XP percentage of total XP
 D = Non-vault monster count
 E = Vault monster count
 F = Vault count percentage of total count
                 A         B        C        D         E       F
            +---------+---------+-------+---------+---------+-------
      Total |     134 |      63 |  32.0 |      40 |       8 |  16.7
            +---------+---------+-------+---------+---------+-------
        D:1 |      21 |       0 |   0.0 |      13 |       0 |   0.0
        D:2 |      56 |      26 |  31.7 |      21 |       6 |  22.2
        D:3 |      57 |      37 |  39.4 |       6 |       2 |  25.0
            +---------+---------+-------+---------+---------+-------
